 Dungeon Crawl Stone Soup version 0.27.1-33-g824d729ab1 (webtiles) character file.

Game seed: 3277237752133842990

16 styxcanada the Sneak (level 2, 0/15 HPs)
             Began as a Spriggan Brigand on Jan 1, 2022.
             Frozen to death by an endoplasm (2 damage)
             ... on level 1 of the Dungeon.
             The game lasted 00:01:49 (689 turns).

styxcanada the Sneak (Spriggan Brigand)              Turns: 689, Time: 00:01:50

Health: 0/15       AC:  3    Str:  7    XL:     2   Next: 37%
Magic:  3/3        EV: 16    Int: 12    God:
Gold:   9          SH:  0    Dex: 16    Spells: 1/1 levels left

rFire    . . .     SeeInvis +   a - +2 dagger
rCold    . . .     Faith    .   (shield restricted)
rNeg     . . .     Spirit   .   b - +0 robe
rPois    .         Reflect  .   (helmet restricted)
rElec    .         Harm     .   c - +0 cloak
rCorr    .         Rampage  .   (gloves unavailable)
Will     .....                  (boots unavailable)
Stlth    +++.......             (no amulet)
HPRegen  0.05/turn              (no ring)
MPRegen  0.08/turn              (no ring)

@: very quick
A: very small, no large weapons, unfitting armour, see invisible, speed 3
a: no special abilities


You were on level 1 of the Dungeon.
You visited 1 branch of the dungeon, and saw 1 of its levels.

You collected 9 gold pieces.

Inventory:

Hand Weapons
 a - a +2 dagger (weapon)
Missiles
 d - 2 poisoned darts (quivered)
 e - 2 curare-tipped darts
Armour
 b - a +0 robe (worn)
 c - a +0 cloak (worn)
Scrolls
 f - a scroll of identify {unknown}


   Skills:
 * Level 1.7 Fighting
 + Level 2.3 Short Blades
 + Level 2.1 Throwing
 * Level 1.5 Dodging
 * Level 6.5 Stealth


You had one spell level left.
You didn't know any spells.
Your spell library was empty.

Dungeon Overview and Level Annotations

Branches:
Dungeon (1/15)

Altars:


Innate Abilities, Weirdness & Mutations

You are very small and have problems with some larger weapons.
You are too small for most types of armour.
You have supernaturally acute eyesight. (SInv)
You cover ground extremely quickly. (Speed+++)


Message History

Aim: a hobgoblin (60% to hit)
You throw a poisoned dart. The poisoned dart hits the hobgoblin.
The hobgoblin is poisoned.
The endoplasm freezes you.
You are frozen.
* * * LOW HITPOINT WARNING * * *
You see here a +0 short sword.
Throw: 6 darts (poison)
Press: ? - help, Q - select action, (/) - cycle Shift-Dir - straight line, f/p - hobgoblin
Aim: a hobgoblin (almost dead, poisoned, 60% to hit)
You throw a poisoned dart. The poisoned dart hits the hobgoblin.
The hobgoblin looks even sicker.
The hobgoblin is almost dead.
Unknown command.
Throw: 5 darts (poison)
Press: ? - help, Q - select action, (/) - cycle Shift-Dir - straight line, f/p - hobgoblin
Aim: a hobgoblin (almost dead, very poisoned, 60% to hit)
You throw a poisoned dart. The poisoned dart hits the hobgoblin.
The hobgoblin looks even sicker.
The hobgoblin is almost dead.
You kill the hobgoblin!
Throw: 4 darts (poison)
Press: ? - help, Q - select action, (/) - cycle Shift-Dir - straight line, f - kobold
Aim: a kobold, wielding a +0 short sword (severely wounded, 53% to hit)
You throw a poisoned dart.
The poisoned dart closely misses the kobold.
Throw: 3 darts (poison)
Press: ? - help, Q - select action, (/) - cycle Shift-Dir - straight line, f/p - kobold
Aim: a kobold, wielding a +0 short sword (severely wounded, 53% to hit)
You throw a poisoned dart. The poisoned dart hits the kobold.
The kobold is poisoned.
The kobold is severely wounded.
You kill the kobold!
A frilled lizard comes into view.
An endoplasm is nearby!
You hit the endoplasm.
The endoplasm is severely wounded.
The endoplasm freezes you.
You are frozen.
You die...

...## .....#..# ...#. .
#.##.#..# ..... ..###
#.##....# . .....
.l..####....#..##.. .... .
............#....# .## ..
#.....##........ ...#.
...###...............
.....
.........J@..........
.....
..##...##.###...§§§.###...
###...##.# §≈§≈≈§..##...
#........# ≈§≈§§≈......≈
#...J.##.# .§§≈≈§≈......≈
#..)..##.##.≈§§≈≈§.§....≈
#..(.........≈≈§≈..##'#..
#..(..##.#.#......###.##.
#..).(.....# ....+.<>.+.


You could see an endoplasm and a frilled lizard (asleep).

Vanquished Creatures
  2 ball pythons (D:1)
  A giant cockroach (D:1)
  4 hobgoblins (D:1)
  2 kobolds (D:1)
  A quokka (D:1)
  3 frilled lizards (D:1)
  A rat (D:1)
14 creatures vanquished.

Notes
Turn   | Place    | Note
-------+----------+-------------------------------------------
     0 | D:1      | styxcanada the Spriggan Brigand began the quest for the
                  | Orb.
     0 | D:1      | Reached XP level 1. HP: 10/10 MP: 2/2
   258 | D:1      | Reached skill level 6 in Stealth
   336 | D:1      | Reached XP level 2. HP: 9/14 MP: 3/3
   689 | D:1      | Frozen to death by an endoplasm

Illustrated notes

Levels and vault maps discovered:
D:1:      dpeg_arrival_pits, layout_rooms, kennysheep_decorative_pillar,
          minmay_misc_feat_x, minmay_misc_feat_doors

Skill      XL: |  1 |
---------------+----+-----
Stealth        | 6 |  6.5
Fighting       | |  1.7
Short Blades   | |  2.3
Throwing       | |  2.1
Dodging        | |  1.5

Action                   || total
-------------------------++-------
Melee: Dagger            ||    38
Throw: Dart              ||    10
 Stab: Sleeping          ||     2
Armor: Robe              ||     4
Dodge: Dodged            ||    27
